Devils vs Jets
(R2)
Created - 15 avril 2014 at 19:10
Goals
|
| Devils |
0 |
1 |
0 |
1 |
| Jets |
1 |
1 |
2 |
4 |
|
Shots
|
| Devils |
15 |
11 |
15 |
41 |
| Jets |
8 |
13 |
9 |
30 |
|
1st period
1. Jets , Dmitri Kalinin 1 (Tuomo Ruutu, Kristian Huselius) at 6:41
Penalties :
Eric Brewer (Win) for Goalie Interference (Minor) at 4:13, Brad Ference (NJD) for Holding Stick (Minor) at 6:50, Patrick Eaves (NJD) for Holding (Minor) at 13:31, Fredrik Sjostrom (Win) for Slashing (Minor) at 15:41
2nd period
2. Jets , Derek Roy 1 (Adam Burish, Benoit Pouliot) at 10:20 (PP)
3. Devils , Jonas Hoglund 1 (Guillaume Latendresse, Stephen Weiss) at 12:28 (PP)
Penalties :
Saku Koivu (NJD) for Roughing (Minor) at 0:50, Daniel Alfredsson (Win) for Tripping (Minor) at 4:30, Stephen Weiss (NJD) for Tripping (Minor) at 9:01, Adam Burish (Win) for Goalie Interference (Minor) at 11:23, Michal Rozsival (Win) for High sticking (Double Minor) at 12:53
3rd period
4. Jets , Michal Rozsival 1 (Derek Roy) at 8:04 (PP)
5. Jets , Kristian Huselius 1 (Tuomo Ruutu, Kyle Wellwood) at 12:38
Penalties :
Saku Koivu (NJD) for Hooking (Minor) at 2:37, Eric Brewer (Win) for Holding Stick (Minor) at 5:54, Ben Lovejoy (NJD) for Hooking (Minor) at 7:05, Derek Roy (Win) for Tripping (Minor) at 14:54, Dustin Boyd (NJD) for Cross-checking (Minor) at 15:38
Goalie Stats
Jonathan Bernier (NJD), 26 saves from 30 shots - (0,867), L, 0-1-0, 60:00 minutes
Maxime Daigneault (Win), 40 saves from 41 shots - (0,976), W, 1-0-0, 60:00 minutes
Players Stats for Devils
Player Name G A P +/- PIM S H SB GA TA FO MP PP MP PK MP
------------------------------------------------------------------------------------
Andrei Kostitsyn 0 0 0 0 0 1 1 0 1 0 0/0 14:54 5:09 1:02
Andrei Markov 0 0 0 0 0 3 0 2 1 3 0/0 28:30 8:36 4:44
Ben Lovejoy 0 0 0 0 2 2 1 0 0 1 0/0 23:11 8:25 0:07
Brad Ference 0 0 0 -1 2 1 1 0 0 1 0/0 13:41 0:40 4:21
Brian Rafalski 0 0 0 -1 0 0 0 2 1 0 0/0 16:04 3:44 0:49
Doug Weight 0 0 0 -2 0 3 0 0 1 1 1/7 13:41 0:51 5:50
Dustin Boyd 0 0 0 0 2 0 2 0 1 0 2/8 13:41 5:08 1:55
Guillaume Latendresse 0 1 1 0 0 8 3 0 3 0 1/2 20:16 6:52 0:01
Jonas Hoglund 1 0 1 0 0 7 0 1 2 0 1/1 23:17 6:14 5:59
Kurtis Foster 0 0 0 -1 0 2 3 1 0 2 0/0 20:13 3:44 5:23
Ladislav Nagy 0 0 0 -2 0 0 0 0 0 0 0/0 5:46 0:05 0:00
Lee Stempniak 0 0 0 -2 0 1 3 0 0 0 0/0 11:13 1:33 3:37
Mike Komisarek 0 0 0 -1 0 2 3 2 0 0 0/0 18:31 0:46 4:56
Patrick Eaves 0 0 0 0 2 3 2 0 1 0 1/1 12:29 0:50 0:00
Phil Kessel 0 0 0 0 0 2 0 0 1 0 0/0 11:43 5:09 0:00
Saku Koivu 0 0 0 0 4 2 1 1 0 1 7/14 14:11 0:00 1:37
Stephen Weiss 0 1 1 0 2 2 1 1 0 0 15/28 19:45 6:52 0:19
Tomas Holmstrom 0 0 0 0 0 2 0 0 0 0 0/1 6:34 0:00 0:00
Players Stats for Jets
Player Name G A P +/- PIM S H SB GA TA FO MP PP MP PK MP
------------------------------------------------------------------------------------
Adam Burish 0 1 1 0 2 0 0 0 0 1 0/1 18:23 4:49 3:35
Benoit Pouliot 0 1 1 0 0 4 2 0 1 2 0/2 19:04 4:53 2:55
Colin White 0 0 0 0 0 2 0 1 0 0 0/0 16:14 0:00 7:43
Daniel Alfredsson 0 0 0 0 2 2 1 0 2 1 0/0 21:35 5:04 6:10
Derek Roy 1 1 2 0 2 2 2 0 0 0 8/15 17:33 5:15 1:51
Dmitri Kalinin 1 0 1 1 0 1 1 2 0 1 0/0 22:31 4:49 5:17
Eric Brewer 0 0 0 1 4 1 0 2 0 2 0/0 22:01 5:21 1:19
Fredrik Sjostrom 0 0 0 0 2 1 0 1 0 0 0/1 6:23 0:02 0:18
Greg Campbell 0 0 0 0 0 0 3 2 0 0 2/4 10:26 0:13 3:35
Jason Allison 0 0 0 0 0 4 1 0 1 1 23/37 23:26 4:46 7:30
Jussi Jokinen 0 0 0 0 0 2 1 0 0 0 0/0 15:47 5:04 0:00
Kristian Huselius 1 1 2 2 0 2 2 0 2 0 0/0 8:24 0:00 0:00
Kyle Wellwood 0 1 1 2 0 1 0 0 0 0 1/2 8:24 0:00 0:00
Marek Zidlicky 0 0 0 0 0 0 1 0 0 2 0/0 15:20 4:49 1:06
Michal Rozsival 1 0 1 2 4 3 1 1 3 0 0/0 26:12 5:21 3:20
Mike Commodore 0 0 0 0 0 1 3 2 0 1 0/0 18:01 0:11 7:05
Miroslav Satan 0 0 0 0 0 2 0 1 0 0 0/0 6:46 0:13 0:00
Tuomo Ruutu 0 2 2 2 0 2 1 0 0 1 0/0 8:24 0:00 0:00
3 Stars
1 - Maxime Daigneault (Win)
2 - Kristian Huselius (Win)
3 - Tuomo Ruutu (Win)
Power Play
Devils - 1 on 8 Attempt(s) - 12,50%
Jets - 2 on 7 Attempt(s) - 28,57%
Penalty Kill
Devils - 5 on 7 Attempt(s) - 71,43%
- Score 0 goal in Penalty Kill
Jets - 7 on 8 Attempt(s) - 87,50%
- Score 0 goal in Penalty Kill
Official
Referees : StPierre Justin and Martell Rob
Linesman : Pierre Champoux and Thor Nelson
Game Notes
No Game Note
Finance
Level 1 -- Attendance: 5689 (94,82%) -- Ticket Income 512 010 $
Level 2 -- Attendance: 4401 (88,02%) -- Ticket Income 264 060 $
Level 3 -- Attendance: 1759 (87,95%) -- Ticket Income 65 083 $
Level 4 -- Attendance: 2798 (69,95%) -- Ticket Income 75 546 $
Luxury Box -- Attendance: 856 (85,60%) -- Ticket Income 162 640 $
Game was played at the MTS Center
Total Attendance: 15503 (86,13%)
Total Ticket Income: 1 079 339 $
Other Income: 161 901 $
Total Income: 1 241 240 $
Devils
5 vs 5 Forward
Center Left Wing Right Wing Time % Phy DF OF
1 Stephen Weiss Guillaume Latendresse Patrick Eaves 40 0 2 3
2 Saku Koivu Andrei Kostitsyn Jonas Hoglund 30 0 2 3
3 Dustin Boyd Tomas Holmstrom Phil Kessel 20 0 2 3
4 Doug Weight Ladislav Nagy Lee Stempniak 10 1 2 2
5 vs 5 Defense
Defense Defense Time % Phy DF OF
1 Ben Lovejoy Andrei Markov 40 0 2 3
2 Mike Komisarek Brian Rafalski 30 0 2 3
3 Brad Ference Kurtis Foster 20 0 2 3
4 Kurtis Foster Brian Rafalski 10 0 3 2
PowerPlay Forward
Center Left Wing Right Wing Time % Phy DF OF
1 Stephen Weiss Guillaume Latendresse Jonas Hoglund 60 0 2 3
2 Dustin Boyd Andrei Kostitsyn Phil Kessel 40 0 2 3
PowerPlay Defense
Defense Defense Time % Phy DF OF
1 Andrei Markov Ben Lovejoy 60 1 2 2
2 Brian Rafalski Kurtis Foster 40 1 2 2
Penalty Kill 4 Players Forward
Center Wing Time % Phy DF OF
1 Doug Weight Jonas Hoglund 60 0 4 1
2 Saku Koivu Lee Stempniak 40 0 4 1
Penalty Kill 4 Players Defense
Defense Defense Time % Phy DF OF
1 Kurtis Foster Mike Komisarek 60 0 4 1
2 Brad Ference Andrei Markov 40 0 4 1
Penalty Kill - 3 Players Forward
Forward Time % Phy DF OF
1 Saku Koivu 60 0 4 1
2 Doug Weight 40 0 4 1
Penalty Kill - 3 Players Defense
Defense Defense Time % Phy DF OF
1 Kurtis Foster Mike Komisarek 60 1 3 1
2 Brad Ference Andrei Markov 40 1 3 1
4 vs 4 Forward
Center Wing Time % Phy DF OF
1 Saku Koivu Guillaume Latendresse 60 0 2 3
2 Stephen Weiss Jonas Hoglund 40 0 2 3
4 vs 4 Defense
Defense Defense Time % Phy DF OF
1 Kurtis Foster Brad Ference 60 0 2 3
2 Andrei Markov Mike Komisarek 40 0 2 3
Last Minutes Offensive
Center Left Wing Right Wing Defense Defense
Stephen Weiss Guillaume Latendresse Jonas Hoglund Andrei Markov Ben Lovejoy
Last Minutes Defensive
Center Left Wing Right Wing Defense Defense
Saku Koivu Guillaume Latendresse Jonas Hoglund Mike Komisarek Brad Ference
Goaltenders
Starting : Jonathan Bernier
Backup : Antti Niemi
Extra Forwards
Normal : Lee Stempniak, Phil Kessel, Patrick Eaves - PP : Lee Stempniak, Patrick Eaves - PK : Lee Stempniak
Extra Defensemen
Normal : Ben Lovejoy, Brad Ference, Kurtis Foster - PP : Ben Lovejoy - PK : Kurtis Foster, Brian Rafalski
Penalty Shots
Stephen Weiss, Guillaume Latendresse, Doug Weight, Ladislav Nagy, Tomas Holmstrom
Jets
5 vs 5 Forward
Center Left Wing Right Wing Time % Phy DF OF
1 Jason Allison Benoit Pouliot Daniel Alfredsson 38 1 2 2
2 Derek Roy Jussi Jokinen Adam Burish 34 1 2 2
3 Kyle Wellwood Kristian Huselius Tuomo Ruutu 18 1 2 2
4 Greg Campbell Fredrik Sjostrom Miroslav Satan 10 1 2 2
5 vs 5 Defense
Defense Defense Time % Phy DF OF
1 Michal Rozsival Eric Brewer 40 2 2 1
2 Dmitri Kalinin Mike Commodore 30 2 2 1
3 Colin White Marek Zidlicky 20 2 2 1
4 Marek Zidlicky Dmitri Kalinin 10 2 2 1
PowerPlay Forward
Center Left Wing Right Wing Time % Phy DF OF
1 Jason Allison Jussi Jokinen Daniel Alfredsson 60 0 0 5
2 Derek Roy Benoit Pouliot Adam Burish 40 0 0 5
PowerPlay Defense
Defense Defense Time % Phy DF OF
1 Michal Rozsival Eric Brewer 50 0 1 4
2 Dmitri Kalinin Marek Zidlicky 50 0 1 4
Penalty Kill 4 Players Forward
Center Wing Time % Phy DF OF
1 Jason Allison Daniel Alfredsson 60 0 4 1
2 Greg Campbell Adam Burish 40 0 4 1
Penalty Kill 4 Players Defense
Defense Defense Time % Phy DF OF
1 Colin White Mike Commodore 60 0 5 0
2 Michal Rozsival Dmitri Kalinin 40 0 5 0
Penalty Kill - 3 Players Forward
Forward Time % Phy DF OF
1 Daniel Alfredsson 60 0 5 0
2 Jason Allison 40 0 5 0
Penalty Kill - 3 Players Defense
Defense Defense Time % Phy DF OF
1 Mike Commodore Colin White 60 0 5 0
2 Eric Brewer Dmitri Kalinin 40 0 5 0
4 vs 4 Forward
Center Wing Time % Phy DF OF
1 Jason Allison Benoit Pouliot 60 1 2 2
2 Derek Roy Daniel Alfredsson 40 1 2 2
4 vs 4 Defense
Defense Defense Time % Phy DF OF
1 Michal Rozsival Eric Brewer 60 1 3 1
2 Marek Zidlicky Dmitri Kalinin 40 1 3 1
Last Minutes Offensive
Center Left Wing Right Wing Defense Defense
Jason Allison Benoit Pouliot Daniel Alfredsson Michal Rozsival Eric Brewer
Last Minutes Defensive
Center Left Wing Right Wing Defense Defense
Greg Campbell Daniel Alfredsson Adam Burish Colin White Mike Commodore
Goaltenders
Starting : Maxime Daigneault
Backup : Ilya Bryzgalov
Extra Forwards
Normal : Jason Allison, Daniel Alfredsson, Jussi Jokinen - PP : Jason Allison, Daniel Alfredsson - PK : Daniel Alfredsson
Extra Defensemen
Normal : Mike Commodore, Michal Rozsival, Colin White - PP : Michal Rozsival - PK : Colin White, Michal Rozsival
Penalty Shots
Adam Burish, Tuomo Ruutu, Daniel Alfredsson, Jason Allison, Benoit Pouliot
% Time on Ice - Devils
Lines # - Real PCT - Wanted PCT - Time Play
Normal Forward
1 - 39% - 40% - 13:32
2 - 26% - 30% - 9:08
3 - 19% - 20% - 6:34
4 - 16% - 10% - 5:37
Normal Defense
1 - 48% - 40% - 16:39
2 - 30% - 30% - 10:36
3 - 18% - 20% - 6:26
4 - 3% - 10% - 1:10
PP Forward
1 - 60% - 60% - 7:47
2 - 40% - 40% - 5:09
PP Defense
1 - 71% - 60% - 9:12
2 - 29% - 40% - 3:44
PK Forward
1 - 68% - 60% - 6:54
2 - 32% - 40% - 3:16
PK Defense
1 - 53% - 60% - 5:26
2 - 47% - 40% - 4:44
PK3 Forward
1 - 0% - 60%
2 - 0% - 40%
PK3 Defense
1 - 0% - 60%
2 - 0% - 40%
44 Forward
1 - 79% - 60% - 1:37
2 - 21% - 40% - 0:26
44 Defense
1 - 70% - 60% - 1:26
2 - 30% - 40% - 0:37
Last Minute Offensive - 0:00
Last Minute Defensive - 0:00
Total
Forward - 60:00
Defense - 60:00
|
% Time on Ice - Jets
Lines # - Real PCT - Wanted PCT - Time Play
Normal Forward
1 - 31% - 38% - 10:46
2 - 29% - 34% - 10:00
3 - 24% - 18% - 8:24
4 - 16% - 10% - 5:41
Normal Defense
1 - 43% - 40% - 15:07
2 - 33% - 30% - 11:35
3 - 21% - 20% - 7:10
4 - 3% - 10% - 0:59
PP Forward
1 - 51% - 60% - 5:10
2 - 49% - 40% - 5:00
PP Defense
1 - 53% - 50% - 5:21
2 - 47% - 50% - 4:49
PK Forward
1 - 72% - 60% - 9:21
2 - 28% - 40% - 3:35
PK Defense
1 - 55% - 60% - 7:05
2 - 45% - 40% - 5:51
PK3 Forward
1 - 0% - 60%
2 - 0% - 40%
PK3 Defense
1 - 0% - 60%
2 - 0% - 40%
44 Forward
1 - 77% - 60% - 1:35
2 - 23% - 40% - 0:28
44 Defense
1 - 93% - 60% - 1:55
2 - 7% - 40% - 0:08
Last Minute Offensive - 0:00
Last Minute Defensive - 0:00
Total
Forward - 60:00
Defense - 60:00
|
Play by Play
1st period
0:01 of 1st period - Jason Allison wins face-off versus Stephen Weiss in neutral zone.
0:04 of 1st period - Snap shot by Jason Allison.
0:04 of 1st period - Stopped by Jonathan Bernier with a rebound.
0:51 of 1st period - Michal Rozsival is hit by Mike Komisarek and loses puck.
1:11 of 1st period - Marek Zidlicky is hit by Lee Stempniak and loses puck.
2:14 of 1st period - Wrist shot by Daniel Alfredsson.
2:14 of 1st period - Stopped by Jonathan Bernier without a rebound.
2:15 of 1st period - Derek Roy wins face-off versus Stephen Weiss in Devils zone.
2:40 of 1st period - Daniel Alfredsson is hit by Andrei Kostitsyn and loses puck.
3:01 of 1st period - Snap shot by Phil Kessel.
3:01 of 1st period - Stopped by Maxime Daigneault with a rebound.
3:03 of 1st period - Snap shot by Tomas Holmstrom.
3:03 of 1st period - Stopped by Maxime Daigneault without a rebound.
3:04 of 1st period - Dustin Boyd wins face-off versus Derek Roy in Jets zone.
3:13 of 1st period - Wrist shot by Dustin Boyd.
3:13 of 1st period - Deflect By Phil Kessel.
3:13 of 1st period - Shot Misses the Net.
3:13 of 1st period - Puck is out of play.
3:14 of 1st period - Stephen Weiss wins face-off versus Adam Burish in Jets zone.
3:59 of 1st period - Kristian Huselius is hit by Kurtis Foster and loses puck.
4:13 of 1st period - Minor Penalty to Eric Brewer for Goalie Interference.
4:14 of 1st period - Jason Allison wins face-off versus Stephen Weiss in Jets zone.
5:34 of 1st period - Kurtis Foster is hit by Benoit Pouliot and loses puck.
6:13 of 1st period - Penalty to Eric Brewer is over, Eric Brewer is back on ice.
6:18 of 1st period - Dmitri Kalinin is hit by Guillaume Latendresse and loses puck.
6:37 of 1st period - Wrist shot by Tuomo Ruutu.
6:37 of 1st period - Stopped by Jonathan Bernier with a rebound.
6:39 of 1st period - Slapshot by Dmitri Kalinin.
6:39 of 1st period - Shot Misses the Net.
6:41 of 1st period - Slapshot by Dmitri Kalinin.
6:41 of 1st period - Goal by Dmitri Kalinin - Devils : 0 - Jets : 1.
6:42 of 1st period - Derek Roy wins face-off versus Saku Koivu in neutral zone.
6:50 of 1st period - Minor Penalty to Brad Ference for Holding Stick.
6:51 of 1st period - Doug Weight wins face-off versus Jason Allison in Devils zone.
7:24 of 1st period - Wrist shot by Adam Burish.
7:24 of 1st period - Shot Blocked by Kurtis Foster.
7:34 of 1st period - Snap shot by Lee Stempniak.
7:34 of 1st period - Stopped by Maxime Daigneault with a rebound.
8:50 of 1st period - Penalty to Brad Ference is over, Brad Ference is back on ice.
8:57 of 1st period - Slapshot by Andrei Markov.
8:57 of 1st period - Stopped by Maxime Daigneault without a rebound.
8:58 of 1st period - Stephen Weiss wins face-off versus Greg Campbell in Jets zone.
9:01 of 1st period - Wrist shot by Stephen Weiss.
9:01 of 1st period - Shot Blocked by Eric Brewer.
9:03 of 1st period - Slapshot by Guillaume Latendresse.
9:03 of 1st period - Stopped by Maxime Daigneault with a rebound.
9:05 of 1st period - Wrist shot by Patrick Eaves.
9:05 of 1st period - Deflect By Michal Rozsival.
9:05 of 1st period - Shot Misses the Net.
9:05 of 1st period - Puck is out of play.
9:06 of 1st period - Kyle Wellwood wins face-off versus Stephen Weiss in Jets zone.
9:11 of 1st period - Snap shot by Tuomo Ruutu.
9:11 of 1st period - Shot Misses the Net.
9:21 of 1st period - Kurtis Foster is hit by Tuomo Ruutu and loses puck.
9:28 of 1st period - Tuomo Ruutu is hit by Patrick Eaves and loses puck.
9:41 of 1st period - Slapshot by Guillaume Latendresse.
9:41 of 1st period - Stopped by Maxime Daigneault with a rebound.
10:31 of 1st period - Slapshot by Eric Brewer.
10:31 of 1st period - Shot Blocked by Andrei Markov.
10:33 of 1st period - Wrist shot by Michal Rozsival.
10:33 of 1st period - Deflect By Andrei Markov.
10:33 of 1st period - Stopped by Jonathan Bernier with a rebound.
10:47 of 1st period - Slapshot by Michal Rozsival.
10:47 of 1st period - Deflect By Andrei Markov.
10:47 of 1st period - Stopped by Jonathan Bernier without a rebound.
10:48 of 1st period - Saku Koivu wins face-off versus Benoit Pouliot in Devils zone.
10:55 of 1st period - Snap shot by Andrei Kostitsyn.
10:55 of 1st period - Stopped by Maxime Daigneault without a rebound.
10:56 of 1st period - Jason Allison wins face-off versus Saku Koivu in Jets zone.
10:56 of 1st period - Jason Allison is hit by Mike Komisarek.
11:43 of 1st period - Snap shot by Doug Weight.
11:43 of 1st period - Stopped by Maxime Daigneault with a rebound.
11:55 of 1st period - Greg Campbell is hit by Lee Stempniak.
12:06 of 1st period - Off-side.
12:07 of 1st period - Jason Allison wins face-off versus Saku Koivu in neutral zone.
12:22 of 1st period - Backhand shot by Daniel Alfredsson.
12:22 of 1st period - Shot Misses the Net.
12:34 of 1st period - Wrist shot by Jonas Hoglund.
12:34 of 1st period - Stopped by Maxime Daigneault without a rebound.
12:35 of 1st period - Dustin Boyd wins face-off versus Derek Roy in Jets zone.
12:44 of 1st period - Snap shot by Phil Kessel.
12:44 of 1st period - Shot Blocked by Eric Brewer.
12:46 of 1st period - Slapshot by Tomas Holmstrom.
12:46 of 1st period - Stopped by Maxime Daigneault without a rebound.
12:47 of 1st period - Guillaume Latendresse wins face-off versus Derek Roy in Jets zone.
12:54 of 1st period - Backhand shot by Guillaume Latendresse.
12:54 of 1st period - Stopped by Maxime Daigneault with a rebound.
12:56 of 1st period - Wrist shot by Stephen Weiss.
12:56 of 1st period - Shot Misses the Net.
12:58 of 1st period - Backhand shot by Guillaume Latendresse.
12:58 of 1st period - Stopped by Maxime Daigneault with a rebound.
13:00 of 1st period - Wrist shot by Patrick Eaves.
13:00 of 1st period - Stopped by Maxime Daigneault with a rebound.
13:02 of 1st period - Wrist shot by Guillaume Latendresse.
13:02 of 1st period - Deflect By Patrick Eaves.
13:02 of 1st period - Shot Blocked by Michal Rozsival.
13:02 of 1st period - Puck is out of play.
13:03 of 1st period - Saku Koivu wins face-off versus Jason Allison in Jets zone.
13:31 of 1st period - Minor Penalty to Patrick Eaves for Holding.
13:32 of 1st period - Jason Allison wins face-off versus Doug Weight in Devils zone.
13:35 of 1st period - Wrist shot by Jason Allison.
13:35 of 1st period - Stopped by Jonathan Bernier with a rebound.
13:37 of 1st period - Slapshot by Jason Allison.
13:37 of 1st period - Stopped by Jonathan Bernier with a rebound.
13:39 of 1st period - Snap shot by Dmitri Kalinin.
13:39 of 1st period - Shot Blocked by Jonas Hoglund.
13:41 of 1st period - Slapshot by Dmitri Kalinin.
13:41 of 1st period - Shot Blocked by Mike Komisarek.
13:43 of 1st period - Backhand shot by Dmitri Kalinin.
13:43 of 1st period - Shot Misses the Net.
13:45 of 1st period - Snap shot by Daniel Alfredsson.
13:45 of 1st period - Shot Misses the Net.
15:02 of 1st period - Icing by Adam Burish.
15:03 of 1st period - Derek Roy wins face-off versus Dustin Boyd in Jets zone.
15:31 of 1st period - Penalty to Patrick Eaves is over, Patrick Eaves is back on ice.
15:41 of 1st period - Minor Penalty to Fredrik Sjostrom for Slashing.
15:42 of 1st period - Stephen Weiss wins face-off versus Jason Allison in Jets zone.
15:53 of 1st period - Wrist shot by Stephen Weiss.
15:53 of 1st period - Stopped by Maxime Daigneault without a rebound.
15:54 of 1st period - Stephen Weiss wins face-off versus Jason Allison in Jets zone.
17:24 of 1st period - Dmitri Kalinin is hit by Guillaume Latendresse and loses puck.
17:41 of 1st period - Penalty to Fredrik Sjostrom is over, Fredrik Sjostrom is back on ice.
18:24 of 1st period - Colin White is hit by Kurtis Foster and loses puck.
18:35 of 1st period - Wrist shot by Derek Roy.
18:35 of 1st period - Shot Misses the Net.
18:55 of 1st period - Slapshot by Kurtis Foster.
18:55 of 1st period - Stopped by Maxime Daigneault without a rebound.
18:56 of 1st period - Jason Allison wins face-off versus Doug Weight in Jets zone.
19:19 of 1st period - Dmitri Kalinin is hit by Dustin Boyd and loses puck.
19:40 of 1st period - Jonas Hoglund is hit by Greg Campbell.
Goals for this period are 0 for Devils vs 1 for Jets.
Shots for this period are 15 for Devils vs 8 for Jets.
2nd period
0:01 of 2nd period - Jason Allison wins face-off versus Stephen Weiss in neutral zone.
0:20 of 2nd period - Benoit Pouliot is hit by Patrick Eaves.
0:50 of 2nd period - Minor Penalty to Saku Koivu for Roughing.
0:51 of 2nd period - Jason Allison wins face-off versus Doug Weight in Devils zone.
1:18 of 2nd period - Derek Roy is hit by Kurtis Foster and loses puck.
1:51 of 2nd period - Brad Ference is hit by Jussi Jokinen and loses puck.
2:45 of 2nd period - Icing by Jussi Jokinen.
2:46 of 2nd period - Stephen Weiss wins face-off versus Greg Campbell in Jets zone.
2:47 of 2nd period - Wrist shot by Jonas Hoglund.
2:47 of 2nd period - Shot Blocked by Dmitri Kalinin.
2:50 of 2nd period - Penalty to Saku Koivu is over, Saku Koivu is back on ice.
3:02 of 2nd period - Dmitri Kalinin is hit by Mike Komisarek and loses puck.
3:15 of 2nd period - Slapshot by Saku Koivu.
3:15 of 2nd period - Shot Misses the Net.
3:25 of 2nd period - Snap shot by Miroslav Satan.
3:25 of 2nd period - Stopped by Jonathan Bernier without a rebound.
3:26 of 2nd period - Jason Allison wins face-off versus Tomas Holmstrom in Devils zone.
3:27 of 2nd period - Wrist shot by Benoit Pouliot.
3:27 of 2nd period - Stopped by Jonathan Bernier with a rebound.
4:30 of 2nd period - Minor Penalty to Daniel Alfredsson for Tripping.
4:31 of 2nd period - Stephen Weiss wins face-off versus Jason Allison in Jets zone.
4:36 of 2nd period - Wrist shot by Guillaume Latendresse.
4:36 of 2nd period - Stopped by Maxime Daigneault with a rebound.
4:46 of 2nd period - Snap shot by Guillaume Latendresse.
4:46 of 2nd period - Stopped by Maxime Daigneault with a rebound.
5:02 of 2nd period - Slapshot by Ben Lovejoy.
5:02 of 2nd period - Stopped by Maxime Daigneault without a rebound.
5:03 of 2nd period - Stephen Weiss wins face-off versus Jason Allison in Jets zone.
5:04 of 2nd period - Slapshot by Guillaume Latendresse.
5:04 of 2nd period - Stopped by Maxime Daigneault with a rebound.
5:50 of 2nd period - Wrist shot by Derek Roy.
5:50 of 2nd period - Shot Misses the Net.
5:52 of 2nd period - Snap shot by Fredrik Sjostrom.
5:52 of 2nd period - Stopped by Jonathan Bernier with a rebound.
5:54 of 2nd period - Slapshot by Colin White.
5:54 of 2nd period - Stopped by Jonathan Bernier without a rebound.
5:55 of 2nd period - Jason Allison wins face-off versus Dustin Boyd in Devils zone.
6:20 of 2nd period - Mike Commodore is hit by Stephen Weiss and loses puck.
6:30 of 2nd period - Penalty to Daniel Alfredsson is over, Daniel Alfredsson is back on ice.
7:01 of 2nd period - Icing by Michal Rozsival.
7:02 of 2nd period - Saku Koivu wins face-off versus Derek Roy in Jets zone.
7:34 of 2nd period - Snap shot by Dmitri Kalinin.
7:34 of 2nd period - Deflect By Jason Allison.
7:34 of 2nd period - Stopped by Jonathan Bernier without a rebound.
7:35 of 2nd period - Stephen Weiss wins face-off versus Derek Roy in Devils zone.
7:44 of 2nd period - Snap shot by Jussi Jokinen.
7:44 of 2nd period - Stopped by Jonathan Bernier with a rebound.
7:46 of 2nd period - Slapshot by Colin White.
7:46 of 2nd period - Stopped by Jonathan Bernier with a rebound.
8:02 of 2nd period - Slapshot by Kristian Huselius.
8:02 of 2nd period - Stopped by Jonathan Bernier with a rebound.
8:04 of 2nd period - Snap shot by Tuomo Ruutu.
8:04 of 2nd period - Stopped by Jonathan Bernier with a rebound.
8:06 of 2nd period - Slapshot by Kyle Wellwood.
8:06 of 2nd period - Stopped by Jonathan Bernier without a rebound.
8:07 of 2nd period - Saku Koivu wins face-off versus Kyle Wellwood in Devils zone.
8:07 of 2nd period - Saku Koivu is hit by Kristian Huselius.
8:38 of 2nd period - Wrist shot by Phil Kessel.
8:38 of 2nd period - Stopped by Maxime Daigneault without a rebound.
8:39 of 2nd period - Patrick Eaves wins face-off versus Jason Allison in Jets zone.
8:44 of 2nd period - Wrist shot by Patrick Eaves.
8:44 of 2nd period - Stopped by Maxime Daigneault without a rebound.
8:45 of 2nd period - Stephen Weiss wins face-off versus Jason Allison in Jets zone.
8:50 of 2nd period - Wrist shot by Stephen Weiss.
8:50 of 2nd period - Stopped by Maxime Daigneault without a rebound.
8:51 of 2nd period - Stephen Weiss wins face-off versus Derek Roy in Jets zone.
8:54 of 2nd period - Snap shot by Patrick Eaves.
8:54 of 2nd period - Shot Misses the Net.
9:01 of 2nd period - Minor Penalty to Stephen Weiss for Tripping.
9:02 of 2nd period - Jason Allison wins face-off versus Doug Weight in Devils zone.
9:17 of 2nd period - Snap shot by Jussi Jokinen.
9:17 of 2nd period - Stopped by Jonathan Bernier with a rebound.
9:19 of 2nd period - Slapshot by Eric Brewer.
9:19 of 2nd period - Shot Misses the Net.
9:51 of 2nd period - Jonas Hoglund is hit by Dmitri Kalinin and loses puck.
10:02 of 2nd period - Snap shot by Adam Burish.
10:02 of 2nd period - Shot Blocked by Andrei Markov.
10:20 of 2nd period - Snap shot by Derek Roy.
10:20 of 2nd period - Goal by Derek Roy - Devils : 0 - Jets : 2.
10:21 of 2nd period - Stephen Weiss wins face-off versus Fredrik Sjostrom in neutral zone.
10:26 of 2nd period - Wrist shot by Guillaume Latendresse.
10:26 of 2nd period - Deflect By Patrick Eaves.
10:26 of 2nd period - Stopped by Maxime Daigneault without a rebound.
10:27 of 2nd period - Greg Campbell wins face-off versus Stephen Weiss in Jets zone.
10:36 of 2nd period - Snap shot by Greg Campbell.
10:36 of 2nd period - Shot Blocked by Stephen Weiss.
10:38 of 2nd period - Snap shot by Miroslav Satan.
10:38 of 2nd period - Shot Misses the Net.
10:40 of 2nd period - Backhand shot by Miroslav Satan.
10:40 of 2nd period - Stopped by Jonathan Bernier without a rebound.
10:41 of 2nd period - Jason Allison wins face-off versus Stephen Weiss in Devils zone.
11:23 of 2nd period - Minor Penalty to Adam Burish for Goalie Interference.
11:24 of 2nd period - Stephen Weiss wins face-off versus Jason Allison in Jets zone.
11:31 of 2nd period - Wrist shot by Guillaume Latendresse.
11:31 of 2nd period - Deflect By Jonas Hoglund.
11:31 of 2nd period - Stopped by Maxime Daigneault with a rebound.
11:33 of 2nd period - Slapshot by Andrei Markov.
11:33 of 2nd period - Stopped by Maxime Daigneault without a rebound.
11:34 of 2nd period - Stephen Weiss wins face-off versus Jason Allison in Jets zone.
11:39 of 2nd period - Snap shot by Jonas Hoglund.
11:39 of 2nd period - Shot Misses the Net.
11:41 of 2nd period - Wrist shot by Jonas Hoglund.
11:41 of 2nd period - Shot Misses the Net.
11:47 of 2nd period - Wrist shot by Guillaume Latendresse.
11:47 of 2nd period - Shot Misses the Net.
11:57 of 2nd period - Snap shot by Guillaume Latendresse.
11:57 of 2nd period - Shot Misses the Net.
12:02 of 2nd period - Snap shot by Guillaume Latendresse.
12:02 of 2nd period - Shot Blocked by Mike Commodore.
12:04 of 2nd period - Wrist shot by Guillaume Latendresse.
12:04 of 2nd period - Shot Misses the Net.
12:12 of 2nd period - Wrist shot by Stephen Weiss.
12:12 of 2nd period - Shot Blocked by Colin White.
12:28 of 2nd period - Wrist shot by Guillaume Latendresse.
12:28 of 2nd period - Deflect By Jonas Hoglund.
12:28 of 2nd period - Goal by Jonas Hoglund - Devils : 1 - Jets : 2.
12:29 of 2nd period - Derek Roy wins face-off versus Dustin Boyd in neutral zone.
12:53 of 2nd period - Double Minor Penalty to Michal Rozsival for High sticking.
12:54 of 2nd period - Stephen Weiss wins face-off versus Jason Allison in Jets zone.
13:22 of 2nd period - Icing by Dustin Boyd.
13:23 of 2nd period - Greg Campbell wins face-off versus Dustin Boyd in Devils zone.
15:47 of 2nd period - Brad Ference is hit by Marek Zidlicky and loses puck.
16:53 of 2nd period - Penalty to Michal Rozsival is over, Michal Rozsival is back on ice.
17:35 of 2nd period - Lee Stempniak is hit by Greg Campbell and loses puck.
18:05 of 2nd period - Patrick Eaves is hit by Daniel Alfredsson and loses puck.
18:26 of 2nd period - Ladislav Nagy is hit by Derek Roy and loses puck.
19:09 of 2nd period - Mike Komisarek is hit by Greg Campbell and loses puck.
19:22 of 2nd period - Lee Stempniak is hit by Jason Allison.
19:38 of 2nd period - Andrei Kostitsyn is hit by Mike Commodore and loses puck.
19:51 of 2nd period - Andrei Markov is hit by Michal Rozsival and loses puck.
Goals for this period are 1 for Devils vs 1 for Jets.
Shots for this period are 11 for Devils vs 13 for Jets.
3rd period
0:01 of 3rd period - Stephen Weiss wins face-off versus Jason Allison in neutral zone.
0:16 of 3rd period - Wrist shot by Stephen Weiss.
0:16 of 3rd period - Shot Misses the Net.
0:50 of 3rd period - Ben Lovejoy is hit by Benoit Pouliot.
1:00 of 3rd period - Backhand shot by Andrei Markov.
1:00 of 3rd period - Stopped by Maxime Daigneault without a rebound.
1:01 of 3rd period - Derek Roy wins face-off versus Stephen Weiss in Jets zone.
1:12 of 3rd period - Slapshot by Jussi Jokinen.
1:12 of 3rd period - Shot Blocked by Mike Komisarek.
1:14 of 3rd period - Slapshot by Colin White.
1:14 of 3rd period - Shot Blocked by Brian Rafalski.
1:16 of 3rd period - Slapshot by Colin White.
1:16 of 3rd period - Shot Misses the Net.
1:26 of 3rd period - Tuomo Ruutu is hit by Saku Koivu and loses puck.
2:09 of 3rd period - Marek Zidlicky is hit by Brad Ference and loses puck.
2:37 of 3rd period - Minor Penalty to Saku Koivu for Hooking.
2:38 of 3rd period - Jason Allison wins face-off versus Doug Weight in Devils zone.
3:59 of 3rd period - Icing by Benoit Pouliot.
4:00 of 3rd period - Derek Roy wins face-off versus Doug Weight in Jets zone.
4:19 of 3rd period - Jason Allison is hit by Dustin Boyd and loses puck.
4:37 of 3rd period - Penalty to Saku Koivu is over, Saku Koivu is back on ice.
4:52 of 3rd period - Wrist shot by Tuomo Ruutu.
4:52 of 3rd period - Shot Blocked by Saku Koivu.
5:00 of 3rd period - Slapshot by Mike Komisarek.
5:00 of 3rd period - Stopped by Maxime Daigneault with a rebound.
5:08 of 3rd period - Wrist shot by Doug Weight.
5:08 of 3rd period - Stopped by Maxime Daigneault with a rebound.
5:31 of 3rd period - Snap shot by Saku Koivu.
5:31 of 3rd period - Shot Blocked by Miroslav Satan.
5:33 of 3rd period - Backhand shot by Jonas Hoglund.
5:33 of 3rd period - Stopped by Maxime Daigneault with a rebound.
5:35 of 3rd period - Slapshot by Jonas Hoglund.
5:35 of 3rd period - Stopped by Maxime Daigneault with a rebound.
5:37 of 3rd period - Snap shot by Jonas Hoglund.
5:37 of 3rd period - Shot Blocked by Fredrik Sjostrom.
5:39 of 3rd period - Backhand shot by Mike Komisarek.
5:39 of 3rd period - Shot Misses the Net.
5:41 of 3rd period - Snap shot by Mike Komisarek.
5:41 of 3rd period - Deflect By Fredrik Sjostrom.
5:41 of 3rd period - Stopped by Maxime Daigneault with a rebound.
5:43 of 3rd period - Slapshot by Mike Komisarek.
5:43 of 3rd period - Shot Blocked by Greg Campbell.
5:45 of 3rd period - Slapshot by Mike Komisarek.
5:45 of 3rd period - Shot Misses the Net.
5:47 of 3rd period - Snap shot by Doug Weight.
5:47 of 3rd period - Shot Blocked by Greg Campbell.
5:49 of 3rd period - Backhand shot by Doug Weight.
5:49 of 3rd period - Stopped by Maxime Daigneault with a rebound.
5:51 of 3rd period - Snap shot by Kurtis Foster.
5:51 of 3rd period - Deflect By Jonas Hoglund.
5:51 of 3rd period - Shot Blocked by Dmitri Kalinin.
5:51 of 3rd period - Puck is out of play.
5:52 of 3rd period - Jason Allison wins face-off versus Stephen Weiss in Jets zone.
5:54 of 3rd period - Minor Penalty to Eric Brewer for Holding Stick.
5:55 of 3rd period - Jason Allison wins face-off versus Dustin Boyd in Jets zone.
6:27 of 3rd period - Wrist shot by Guillaume Latendresse.
6:27 of 3rd period - Stopped by Maxime Daigneault without a rebound.
6:28 of 3rd period - Jason Allison wins face-off versus Dustin Boyd in Jets zone.
7:05 of 3rd period - Minor Penalty to Ben Lovejoy for Hooking.
7:06 of 3rd period - Saku Koivu wins face-off versus Benoit Pouliot in Devils zone.
7:15 of 3rd period - Snap shot by Saku Koivu.
7:15 of 3rd period - Stopped by Maxime Daigneault with a rebound.
7:54 of 3rd period - Penalty to Eric Brewer is over, Eric Brewer is back on ice.
8:04 of 3rd period - Slapshot by Michal Rozsival.
8:04 of 3rd period - Goal by Michal Rozsival - Devils : 1 - Jets : 3.
8:05 of 3rd period - Jason Allison wins face-off versus Stephen Weiss in neutral zone.
8:57 of 3rd period - Tomas Holmstrom is hit by Kristian Huselius and loses puck.
9:48 of 3rd period - Snap shot by Benoit Pouliot.
9:48 of 3rd period - Stopped by Jonathan Bernier with a rebound.
10:06 of 3rd period - Snap shot by Derek Roy.
10:06 of 3rd period - Stopped by Jonathan Bernier without a rebound.
10:07 of 3rd period - Saku Koivu wins face-off versus Derek Roy in Devils zone.
10:16 of 3rd period - Snap shot by Jonas Hoglund.
10:16 of 3rd period - Shot Blocked by Mike Commodore.
10:22 of 3rd period - Slapshot by Mike Commodore.
10:22 of 3rd period - Deflect By Andrei Kostitsyn.
10:22 of 3rd period - Stopped by Jonathan Bernier without a rebound.
10:23 of 3rd period - Jason Allison wins face-off versus Stephen Weiss in Devils zone.
10:53 of 3rd period - Snap shot by Saku Koivu.
10:53 of 3rd period - Shot Misses the Net.
10:55 of 3rd period - Snap shot by Brian Rafalski.
10:55 of 3rd period - Shot Misses the Net.
10:57 of 3rd period - Wrist shot by Saku Koivu.
10:57 of 3rd period - Stopped by Maxime Daigneault with a rebound.
11:21 of 3rd period - Slapshot by Eric Brewer.
11:21 of 3rd period - Stopped by Jonathan Bernier without a rebound.
11:22 of 3rd period - Jason Allison wins face-off versus Stephen Weiss in Devils zone.
11:25 of 3rd period - Wrist shot by Benoit Pouliot.
11:25 of 3rd period - Shot Misses the Net.
11:33 of 3rd period - Backhand shot by Guillaume Latendresse.
11:33 of 3rd period - Shot Misses the Net.
11:35 of 3rd period - Slapshot by Ben Lovejoy.
11:35 of 3rd period - Shot Misses the Net.
11:37 of 3rd period - Slapshot by Ben Lovejoy.
11:37 of 3rd period - Deflect By Patrick Eaves.
11:37 of 3rd period - Shot Misses the Net.
11:37 of 3rd period - Puck is out of play.
11:38 of 3rd period - Derek Roy wins face-off versus Saku Koivu in Jets zone.
11:38 of 3rd period - Derek Roy is hit by Ben Lovejoy.
12:38 of 3rd period - Slapshot by Kristian Huselius.
12:38 of 3rd period - Goal by Kristian Huselius - Devils : 1 - Jets : 4.
12:39 of 3rd period - Jason Allison wins face-off versus Guillaume Latendresse in neutral zone.
12:50 of 3rd period - Slapshot by Ben Lovejoy.
12:50 of 3rd period - Stopped by Maxime Daigneault without a rebound.
12:51 of 3rd period - Jason Allison wins face-off versus Stephen Weiss in Jets zone.
12:51 of 3rd period - Jason Allison is hit by Guillaume Latendresse.
13:21 of 3rd period - Andrei Markov is hit by Derek Roy and loses puck.
13:40 of 3rd period - Phil Kessel is hit by Mike Commodore.
14:06 of 3rd period - Mike Commodore is hit by Lee Stempniak and loses puck.
14:32 of 3rd period - Wrist shot by Benoit Pouliot.
14:32 of 3rd period - Stopped by Jonathan Bernier without a rebound.
14:33 of 3rd period - Derek Roy wins face-off versus Saku Koivu in Devils zone.
14:54 of 3rd period - Minor Penalty to Derek Roy for Tripping.
14:55 of 3rd period - Jonas Hoglund wins face-off versus Jason Allison in Jets zone.
15:20 of 3rd period - Andrei Kostitsyn is hit by Mike Commodore and loses puck.
15:38 of 3rd period - Minor Penalty to Dustin Boyd for Cross-checking.
15:39 of 3rd period - Saku Koivu wins face-off versus Jason Allison in Devils zone.
15:55 of 3rd period - Wrist shot by Benoit Pouliot.
15:55 of 3rd period - Stopped by Jonathan Bernier without a rebound.
15:56 of 3rd period - Jason Allison wins face-off versus Saku Koivu in Devils zone.
16:43 of 3rd period - Wrist shot by Daniel Alfredsson.
16:43 of 3rd period - Stopped by Jonathan Bernier with a rebound.
16:45 of 3rd period - Wrist shot by Daniel Alfredsson.
16:45 of 3rd period - Deflect By Jussi Jokinen.
16:45 of 3rd period - Shot Misses the Net.
16:45 of 3rd period - Puck is out of play.
16:46 of 3rd period - Jason Allison wins face-off versus Saku Koivu in Devils zone.
16:54 of 3rd period - Penalty to Derek Roy is over, Derek Roy is back on ice.
17:38 of 3rd period - Penalty to Dustin Boyd is over, Dustin Boyd is back on ice.
18:14 of 3rd period - Slapshot by Michal Rozsival.
18:14 of 3rd period - Shot Blocked by Brian Rafalski.
19:25 of 3rd period - Slapshot by Kurtis Foster.
19:25 of 3rd period - Stopped by Maxime Daigneault with a rebound.
19:55 of 3rd period - Snap shot by Jonas Hoglund.
19:55 of 3rd period - Stopped by Maxime Daigneault with a rebound.
19:57 of 3rd period - Slapshot by Brad Ference.
19:57 of 3rd period - Deflect By Jonas Hoglund.
19:57 of 3rd period - Stopped by Maxime Daigneault with a rebound.
19:59 of 3rd period - Slapshot by Brad Ference.
19:59 of 3rd period - Stopped by Maxime Daigneault with a rebound.
Goals for this period are 0 for Devils vs 2 for Jets.
Shots for this period are 15 for Devils vs 9 for Jets.
Output by the SimonT Hockey Simulator (STHS) for François Prévost -- Original Page W3C XHTML 1.0 Valid